 Dungeon Crawl Stone Soup version 0.31-a0-810-ga77100ea1a (webtiles) character file.

Game seed: 5028356850279367210

122 dynsetu the Chopper (level 5, 0/70 HPs)
             Began as a Hill Orc Berserker on Sept 21, 2023.
             Was a Believer of Trog.
             Succumbed to a scorpion's poison
             ... on level 4 of the Dungeon.
             The game lasted 00:02:27 (1489 turns).

dynsetu the Chopper (Hill Orc Berserker)            Turns: 1489, Time: 00:02:27

Health: 0/70       AC:  3    Str: 22    XL:     5   Next: 6%
Magic:  5/5        EV: 12    Int:  7    God:    Trog [**....]
Gold:   65         SH:  5    Dex: 16    Spells: 4/4 levels left

rFire   . . .        a - +0 hand axe
rCold   . . .        (no shield)
rNeg    . . .        b - +0 animal skin
rPois   .            (no helmet)
rElec   .            g - +0 cloak
rCorr   .            (no gloves)
SInv    .            (no boots)
Will    ++...        k - amulet of reflection Stlth
                     i - +6 ring of dexterity
HPRegen 1.31/turn    (no ring)
MPRegen 0.09/turn

%: reflection
@: berserking, lethally poisoned (0 -> -11), strong-willed, regenerating, very
quick
A: no striking features
a: Renounce Religion, Berserk, Trog's Hand


You were on level 4 of the Dungeon.
You worshipped Trog.
Trog was pleased with you.
You visited 1 branch of the dungeon, and saw 3 of its levels.

You collected 65 gold pieces.

Inventory:

Hand Weapons
 a - a +0 hand axe (weapon)
Missiles
 h - 6 boomerangs
 j - 22 stones
Armour
 b - a +0 animal skin (worn)
 g - a +0 cloak (worn)
Jewellery
 i - a +6 ring of dexterity (left hand)
 k - an amulet of reflection (around neck)
Scrolls
 c - 2 scrolls of fog {unknown}
 d - a scroll of identify {unknown}
 f - a scroll of noise {unknown}
 m - a scroll of amnesia {unknown}
Potions
 e - 2 potions of curing {unknown}
 l - a potion of invisibility {unknown}


   Skills:
 + Level 4.4 Fighting
 + Level 6.0 Axes
 + Level 2.3 Armour
 + Level 2.0 Dodging
 + Level 1.0 Stealth


You had 4 spell levels left.
You didn't know any spells.
Your spell library contained the following spells:

 Spells                   Type           Power      Damage    Failure   Level
 Kiss of Death            Conj/Necr      0%         2d5       43%         1
 Confusing Touch          Hex            0%         N/A       80%         3
 Dispel Undead            Necr           0%         3d6       99%         4


Dungeon Overview and Level Annotations

Branches:
Dungeon (2/15)

Altars:


Message History

The scorpion stings you. The adder misses you.
You closely miss the scorpion.
The scorpion is severely wounded.
You closely miss the adder.
You feel very sick. The adder bites you. You block the scorpion's attack.
You hit the scorpion.
The scorpion is almost dead.
You miss the adder.
You feel very sick. You block the adder's attack.
The scorpion barely misses you. The adder bites you but does no damage.
You are too injured to fight recklessly!
You are too injured to fight recklessly!
You are too injured to fight recklessly!
You closely miss the adder.
The adder is heavily wounded.
You barely miss the scorpion.
You feel sick. The scorpion stings you.
You are lethally poisoned!
The scorpion poisons you! You block the adder's attack.
The scorpion stings you.
* * * LOW HITPOINT WARNING * * *
You are more poisoned.
The scorpion poisons you!
Your skin crawls.
You feel strong-willed.
* * * LOW HITPOINT WARNING * * *
You feel extremely sick. The adder barely misses you.
You block the scorpion's attack.
Unknown command.
A red film seems to cover your vision as you go berserk!
You feel yourself moving faster!
You feel mighty!
* * * LOW HITPOINT WARNING * * *
You feel extremely sick. The adder closely misses you.
The scorpion closely misses you.
Unknown command.
You hit the scorpion but do no damage.
The scorpion is almost dead.
You hit the adder.
You die...

###..#....[....
#..............
#............
##.........!#
#...........###
.....>......#
#..Ss....#
#..@....#
##....####.
###.........
#...####....
##...## ...
#....##....
##.........
#...#.....
#...#.....


You could see a scorpion and an adder.

Vanquished Creatures
  A centaur (D:4)
  An adder (D:2)
  A worm (D:4)
  An orc (D:4)
  2 bats (D:1)
  4 endoplasms
  A giant cockroach (D:1)
  2 goblins
  3 hobgoblins
  4 jackals (D:4)
  A ball python (D:4)
  A frilled lizard (D:1)
  4 kobolds
  6 rats
32 creatures vanquished.

Notes
Turn   | Place    | Note
-------+----------+-------------------------------------------
     0 | D:1      | dynsetu the Hill Orc Berserker began the quest for the Orb.
     0 | D:1      | Reached XP level 1. HP: 19/19 MP: 1/1
   306 | D:1      | Reached XP level 2. HP: 27/27 MP: 2/2
  1016 | D:2      | Reached skill level 5 in Axes
  1016 | D:2      | Reached XP level 3. HP: 23/33 MP: 3/3
  1182 | D:2      | You fall into a shaft and drop 2 floors!
  1218 | D:4      | Noticed a centaur
  1228 | D:4      | Killed a centaur
  1229 | D:4      | Reached skill level 1 in Stealth
  1229 | D:4      | Reached XP level 4. HP: 20/41 MP: 4/4
  1354 | D:4      | Reached ** piety under Trog
  1361 | D:4      | Reached skill level 6 in Axes
  1361 | D:4      | Reached XP level 5. HP: 26/47 MP: 5/5
  1488 | D:4      | HP: 3/70 [poisoned by a scorpion]
  1489 | D:4      | Succumbed to a scorpion's poison

Illustrated notes

Levels and vault maps discovered:
D:1:      eino_arrival_cavern_a, layout_loops_corners
D:2:      layout_loops_cross, basic_ecumenical_altar, chequers_decorated_corner,
          minmay_misc_feat_hallway, minmay_fountain_box, uniq_jessica,
          uniq_crazy_yiuf_cottage
D:4:      layout_cave_pools, minmay_temple_entry_purple_smoke

Skill      XL: |  1  2  3  4 |
---------------+-------------+-----
Fighting       | 4 |  4.4
Axes           | 5 6 |  6.0
Dodging        | 2 |  2.0
Stealth        | 1 |  1.0
Armour         | |  2.3

Action                     |  1- 3 |  4- 6 || total
---------------------------+-------+-------++-------
  Melee: Hand axe          |    73 |    31 ||   104
         Punch             |     1 |     1 ||     2
 Invoke: Berserk           |     1 |     1 ||     2
         Trog's Hand       |       |     1 ||     1
   Stab: Sleeping          |     3 |       ||     3
 Armour: Animal skin       |    27 |    28 ||    55
  Dodge: Dodged            |    41 |    33 ||    74
  Block: Other             |     3 |    13 ||    16

Table legend: (Time is in decaauts)
 A = Elapsed time spent in this place.
 B = Non-inter-level travel time spent in this place.
 C = Inter-level travel time spent in this place.
 D = Time resting spent in this place.
 E = Time spent auto-exploring this place.
 F = Levels seen in this place.
 G = Mean time per level.
                   A        B        C        D        E       F      G
               +--------+--------+--------+--------+--------+-----+--------+
         Total |   1506 |   1471 |     35 |      0 |   1226 |   3 |  502.0 |
       Dungeon |   1506 |   1471 |     35 |      0 |   1226 |   3 |  502.0 |
               +--------+--------+--------+--------+--------+-----+--------+

Top non-repeatable levels by time:
     D:1: 944 daAuts
     D:4: 320 daAuts
     D:2: 241 daAuts
